 Dungeon Crawl Stone Soup version 0.24-a0-479-g9a978d2894 (webtiles) character file.

Game seed: 18069776068671961627

17353 Gynju the Basher (level 12, -13/105 HPs)
             Began as a Minotaur Fighter on July 6, 2019.
             Was a High Priest of Okawaru.
             Killed from afar by an ice statue (28 damage)
             ... with a bolt of cold
             ... in an ice cave.
             The game lasted 00:24:06 (13655 turns).

Gynju the Basher (Minotaur Fighter)                Turns: 13655, Time: 00:24:07

Health: -13/105    AC:  7    Str: 26    XL:     12   Next: 18%
Magic:  16/16      EV: 16    Int:  8    God:    Okawaru [*****.]
Gold:   671        SH: 12    Dex: 10    Spells: 11/11 levels left

rFire    . . .     SeeInvis +   y - +1 whip (elec)
rCold    . . .     Gourm    .   p - +0 shield of Furpholi {rCorr}
rNeg     . . .     Faith    .   n - +1 leather armour {rPois}
rPois    +         Spirit   .   D - +2 hat {Int+3}
rElec    .         Reflect  .   (no cloak)
rCorr    +         Harm     .   (no gloves)
MR       .....                  (no boots)
Stlth    +.........             i - amulet of the acrobat
HPRegen  0.27/turn              I - ring of see invisible
MPRegen  0.15/turn              r - +3 ring of evasion

@: no status effects
A: retaliatory headbutt, horns 2
a: Heroism, Finesse, Renounce Religion


You were in an ice cave.
You worshipped Okawaru.
Okawaru was extremely pleased with you.
You were not hungry.

You visited 3 branches of the dungeon, and saw 13 of its levels.
You also visited: Ice Cave.

You collected 671 gold pieces.

Inventory:

Hand Weapons
 e - a +2 whip of freezing
 y - a +1 whip of electrocution (weapon)
Missiles
 g - 10 silver javelins
 s - 226 stones (quivered)
Armour
 n - a +1 leather armour of poison resistance (worn)
 p - the +0 shield of Furpholi (worn) {rCorr}
   (You found it on level 5 of the Dungeon)

   It provides partial protection from all sources of acid and corrosion.
 D - a +2 hat of intelligence (worn)
 F - a +0 plate armour
Jewellery
 i - an amulet of the acrobat (around neck)
 r - a +3 ring of evasion (right hand)
 I - a ring of see invisible (left hand)
Wands
 c - a wand of polymorph (6)
 w - a wand of random effects (16)
 x - a wand of disintegration (22)
 A - a wand of paralysis (8)
Scrolls
 a - 5 scrolls of teleportation
 h - 3 scrolls of remove curse
 l - 2 scrolls of fog
 m - 4 scrolls of magic mapping
 t - 4 scrolls of identify
 z - 3 scrolls of enchant weapon
 C - 3 scrolls of enchant armour
 G - 2 scrolls of fear
Potions
 b - 5 potions of curing
 d - 5 potions of might
 j - 4 potions of lignification
 k - 2 potions of magic
 o - 3 potions of haste
 q - a potion of ambrosia {unknown}
 u - 4 potions of flight {unknown}
 v - 2 potions of agility
 B - a potion of brilliance {unknown}
 E - 2 potions of heal wounds {unknown}
 H - a potion of berserk rage {unknown}
 K - a potion of resistance {unknown}
Comestibles
 f - 25 rations


   Skills:
 + Level 9.6 Fighting
   Level 3.4(8.4) Axes
 - Level 11.8(12.0) Maces & Flails
 + Level 9.5 Armour
 + Level 6.1 Dodging
 + Level 9.6 Shields
 + Level 7.3 Invocations
 + Level 6.6 Evocations


You had 11 spell levels left.
You didn't know any spells.
Your spell library was empty.

Dungeon Overview and Level Annotations

Branches:
Dungeon (10/15)            Temple (1/1) D:5            Lair (2/6) D:9
  Swamp: Lair:2-4    Shoals: Lair:2-4     Snake: Lair:2-4    Spider: Lair:2-4
    Orc: D:9-12

Altars:
Ashenzari
Cheibriados
Dithmenos
Elyvilon
Fedhas
Gozag
Hepliaklqana
Kikubaaqudgha
Makhleb
Nemelex Xobeh
Okawaru
Qazlal
Ru
Sif Muna
Trog
Uskayaw
Vehumet
Wu Jian
Xom
Yredelemnul
Zin
The Shining One

Shops:
D:8 !

Annotations:
D:3 1 runed translucent door, motoroller71's ghost, amateur GnFi IceCv exclusion: ice statue


Innate Abilities, Weirdness & Mutations

You reflexively headbutt those who attack you in melee.
You have a pair of horns on your head.


Message History

The ice statue gestures at you. The freezing blast engulfs you!
You whack the ice statue!
The ice statue is severely damaged.
You are engulfed in freezing vapours.
The ice beast hits you but does no damage.
You hit the ice statue but do no damage.
The ice statue is severely damaged.
You are engulfed in freezing vapours.
* * * LOW HITPOINT WARNING * * *
The ice statue gestures at you. The freezing blast misses you.
You hit the ice statue.
The ice statue is almost destroyed.
You are engulfed in freezing vapours.
* * * LOW HITPOINT WARNING * * *
The ice beast barely misses you. The ice statue gestures at you.
The bolt of cold hits you!!
You die...

##..# ##.#....#.## #.##
##..........## #..#
##......§.....## ##.###
###......☼§#.....##
#...###.......###.......#
###.......#######.......#
#...##### ##........##
###.# ###○○○....### ###
#.Y@°...### ##8○☼.###
###○.# ##..# ##... ##..
###


You could see an ice statue and an ice beast.

Vanquished Creatures
  2 hydras (Lair:1)
  2 two-headed ogres
  Pikel (D:7)
  An oklob plant (Lair:1)
  Joseph (D:6)
  3 black mambas (Lair:1)
  A gargoyle (D:10)
  A spiny frog (Lair:1)
  2 ice devils (Lair:2)
  6 polar bears (IceCv)
  2 trolls
  Prince Ribbit (D:6)
  4 hippogriffs
  3 blink frogs (Lair:1)
  A spriggan (D:7)
  A wyvern (D:9)
  7 yaks
  A basilisk (Lair:2)
  4 hungry ghosts
  4 water moccasins
  2 porcupines (Lair:1)
  2 slaves (D:6)
  3 ice beasts
  2 black bears (D:8)
  3 orc warriors
  12 ogres
  4 centaurs
  2 eyes of draining
  10 wolves
  3 crocodiles (Lair:1)
  3 phantoms
  Blork the orc (D:5)
  5 bullfrogs
  4 scorpions
  A water moccasin skeleton (D:9)
  3 electric eels
  3 centaur zombies
  A quasit (D:9)
  8 hounds
  3 bullfrog zombies
  5 jellies
  2 orc priests
  2 centaur skeletons
  3 bullfrog skeletons
  An iguana (D:9)
  4 orc wizards
  5 worker ants
  A hound skeleton (D:7)
  A worker ant zombie (D:2)
  A howler monkey skeleton (D:9)
  9 adders
  2 shadow imps (D:6)
  2 oozes
  4 adder skeletons
  5 worms
  2 dart slugs
  6 leopard geckos
  24 orcs
  5 giant cockroaches
  8 goblins
  7 hobgoblins
  24 jackals
  11 kobolds
  2 quokkas
  2 ball pythons
  8 bats
  9 frilled lizards
  A leopard gecko zombie (D:6)
  8 rats
  A plant (Lair:1)
288 creatures vanquished.

Vanquished Creatures (others)
  3 fungi (Lair:1)
  A plant (Lair:1)
  A withered plant (D:3)
5 creatures vanquished.

Grand Total: 293 creatures vanquished

Notes
Turn   | Place    | Note
-------+----------+-------------------------------------------
     0 | D:1      | Gynju the Minotaur Fighter began the quest for the Orb.
     0 | D:1      | Reached XP level 1. HP: 19/19 MP: 0/0
    82 | D:1      | Reached XP level 2. HP: 18/26 MP: 1/1
   240 | D:1      | Reached skill level 1 in Maces & Flails
   541 | D:1      | Reached skill level 2 in Maces & Flails
   789 | D:1      | Reached XP level 3. HP: 31/31 MP: 2/2
  1156 | D:2      | Reached skill level 3 in Maces & Flails
  1858 | D:2      | Reached XP level 4. HP: 37/39 MP: 3/3
  1965 | D:2      | Reached skill level 4 in Maces & Flails
  2717 | D:3      | Found a runed translucent door.
  2718 | D:3      | Reached skill level 5 in Maces & Flails
  2743 | D:3      | Noticed motoroller71's ghost (amateur GnFi)
  2797 | D:3      | Found a shimmering altar of Xom.
  2949 | D:4      | Reached XP level 5. HP: 45/45 MP: 4/4
  3082 | D:4      | Found a blossoming altar of Fedhas.
  3092 | D:4      | Noticed a troll
  3107 | D:4      | Killed a troll
  3107 | D:4      | Reached skill level 7 in Maces & Flails
  3107 | D:4      | Reached XP level 6. HP: 32/51 MP: 5/5
  3174 | D:4      | Reached skill level 8 in Maces & Flails
  3675 | D:4      | Reached XP level 7. HP: 57/57 MP: 6/6
  3809 | D:4      | Reached skill level 9 in Maces & Flails
  4190 | D:5      | Entered Level 5 of the Dungeon
  4190 | D:5      | Found a blossoming altar of Fedhas.
  4307 | D:5      | Noticed Blork the orc
  4320 | D:5      | Killed Blork the orc
  4320 | D:5      | Reached skill level 10 in Maces & Flails
  4422 | D:5      | Reached XP level 8. HP: 43/64 MP: 7/7
  4614 | D:5      | Found a staircase to the Ecumenical Temple.
  4623 | Temple   | Entered the Ecumenical Temple
  4657 | Temple   | Became a worshipper of Warmaster Okawaru
  4744 | D:5      | Found a stormy altar of Qazlal.
  4780 | D:5      | Reached skill level 11 in Maces & Flails
  5275 | D:5      | Got a slimy shield
  5286 | D:5      | Identified the cursed +0 shield of Furpholi {rCorr} (You
                  | found it on level 5 of the Dungeon)
  5718 | D:6      | Found a shattered altar of Ashenzari.
  5718 | D:6      | Found a sacrificial altar of Ru.
  5718 | D:6      | Found a hazy altar of Hepliaklqana.
  5718 | D:6      | Found a bloodstained altar of Trog.
  5720 | D:6      | Reached skill level 1 in Invocations
  5741 | D:6      | Found a glowing silver altar of Zin.
  5746 | D:6      | Found an ornate altar of the Wu Jian Council.
  5763 | D:6      | Noticed Prince Ribbit
  5775 | D:6      | Killed Prince Ribbit
  5775 | D:6      | Reached * piety under Okawaru
  5775 | D:6      | Reached skill level 1 in Evocations
  6164 | D:7      | Noticed Joseph
  6194 | D:6      | Killed Joseph
  6194 | D:6      | Reached ** piety under Okawaru
  6194 | D:6      | Reached skill level 5 in Shields
  6194 | D:6      | Reached XP level 9. HP: 40/73 MP: 9/9
  6381 | D:7      | Reached skill level 5 in Fighting
  6462 | D:7      | Reached skill level 5 in Armour
  6694 | D:7      | Noticed Pikel
  6707 | D:7      | Killed Pikel
  6910 | D:7      | Found a radiant altar of Vehumet.
  7175 | D:7      | Reached *** piety under Okawaru
  7362 | D:7      | Found a bloodstained altar of Trog.
  7450 | D:7      | Found a burning altar of Makhleb.
  7450 | D:7      | Found a white marble altar of Elyvilon.
  7581 | D:8      | Found Rirups's Distillery.
  7619 | D:8      | Reached XP level 10. HP: 84/84 MP: 12/12
  7698 | D:8      | Noticed a two-headed ogre
  7708 | D:8      | Killed a two-headed ogre
  7708 | D:8      | Reached **** piety under Okawaru
  7708 | D:8      | Reached skill level 1 in Dodging
  7975 | D:8      | Found a bloodstained altar of Trog.
  8826 | D:9      | Noticed a two-headed ogre
  8837 | D:9      | Killed a two-headed ogre
  8837 | D:9      | Reached skill level 5 in Invocations
  8921 | D:9      | Found a shadowy altar of Dithmenos.
  9099 | D:9      | Found a staircase to the Lair.
  9115 | D:9      | Reached ***** piety under Okawaru
  9701 | D:10     | Entered Level 10 of the Dungeon
  9701 | D:10     | Noticed a gargoyle
  9861 | D:10     | Killed a gargoyle
  9861 | D:10     | Reached skill level 5 in Evocations
  9904 | D:10     | Reached XP level 11. HP: 77/94 MP: 2/14
 11017 | Lair:1   | Entered Level 1 of the Lair of Beasts
 11046 | Lair:1   | Noticed a six-headed hydra
 11067 | Lair:1   | Killed a six-headed hydra
 11462 | Lair:1   | Got a smoking leather armour
 11473 | Lair:1   | Identified the cursed +1 leather armour of the Grue {Str+4
                  | Int+2 SInv Stlth-} (You found it on level 1 of the Lair of
                  | Beasts)
 11542 | Lair:1   | Reached skill level 5 in Dodging
 11869 | Lair:1   | Received a gift from Okawaru
 12043 | Lair:1   | Noticed an oklob plant
 12301 | Lair:1   | Noticed a four-headed hydra
 12312 | Lair:1   | Killed a four-headed hydra
 12440 | Lair:1   | Killed an oklob plant
 12858 | Lair:2   | Found a frozen archway.
 12968 | IceCv    | Entered an ice cave
 12976 | IceCv    | Reached XP level 12. HP: 99/104 MP: 8/16
 13655 | IceCv    | Killed from afar by an ice statue

Levels and vault maps discovered:
D:1:      ncdulo_watergridlock, layout_loops_ring,
          chequers_serial_rivers_small_a
D:2:      layout_basic, minmay_misc_feat_rugged, minmay_misc_feat_four_crosses
D:3:      layout_loops_cross, tgw_xom, gammafunk_ghost_grave, serial_rivers,
          chequers_serial_rivers_small_a, chequers_serial_rivers_micro_d,
          chequers_serial_rivers_marsh, chequers_serial_rivers_micro_d,
          chequers_serial_rivers_large_a, grunt_ministairs_8
D:4:      layout_loops_cross, overflow_temple_1_default, first_ration
D:5:      layout_basic, lemuel_doored_altar, minmay_temple_entry_butterflies,
          fedhas_bush_and_centaur_altar, uniq_blork_the_orc
D:6:      layout_loops_cross, minmay_overflow_temple_hex, uniq_prince_ribbit1
D:7:      layout_rooms, gammafunk_temple_overflow_wave, kennysheep_little_box,
          the_bakery, trog_three_pillars_becter, uniq_pikel, uniq_joseph
D:8:      layout_basic, serial_shops, nicolae_shop_behind_doors,
          kennysheep_donut, trog_ov_bears_minmay
D:9:      layout_basic, lair_entry_dummy, grunt_dithmenos_smoke
D:10:     layout_long_grid
Temple:   jpeg_temple_alley_garden
Lair:1:   layout_roguey, chequers_serial_rivers_micro_e,
          minmay_lair_oklob_chamber, grunt_megastairs_1, lemuel_fruit_tree
Lair:2:   layout_cave_shapes, gammafunk_ghost_icy, special_room
          [special_room_bee], portal_ice_cave_demonic_guard,
          chequers_serial_rivers_room_b, minmay_stone_trees_medium
IceCv:    ice_cave_small_giant

Skill      XL: |  1  2  3  4  5  6  7  8  9 10 11 12 |
---------------+-------------------------------------+-----
Axes           | 3 |  3.4
Maces & Flails | 2 3 5 7 8 10 11 | 11.8
Invocations    | 2 4 5 7 |  7.3
Shields        | 5 6 7 9 |  9.6
Fighting       | 4 6 7 9 |  9.6
Armour         | 4 6 7 9 |  9.5
Evocations     | 2 3 5 6 |  6.6
Dodging        | 3 5 6 |  6.1

Action                   |  1- 3 |  4- 6 |  7- 9 | 10-12 || total
-------------------------+-------+-------+-------+-------++-------
Melee: War axe           |     9 |       |       |       ||     9
       Headbutt          |    12 |    28 |    62 |   133 ||   235
       Whip              |   117 |   173 |   304 |   587 ||  1181
Invok: Heroism           |       |       |     1 |     5 ||     6
       Finesse           |       |       |       |     3 ||     3
  Use: Potion            |       |     1 |     1 |     2 ||     4
       Scroll            |       |       |     9 |    10 ||    19
 Stab: Sleeping          |       |       |       |     1 ||     1
  Eat: Chunk             |     3 |     6 |     6 |    21 ||    36
       Ration            |       |       |     2 |       ||     2
Armor: Scale mail        |    23 |       |       |       ||    23
       Chain mail        |    33 |    73 |    40 |       ||   146
       Plate armour      |       |       |       |    70 ||    70
       Leather armour    |       |       |       |    23 ||    23
Dodge: Dodged            |    36 |    36 |    65 |   156 ||   293
Block: Shield            |    58 |    69 |    80 |   183 ||   390

Table legend:
 A = Non-vault XP
 B = Vault XP
 C = Vault XP percentage of total XP
 D = Non-vault monster count
 E = Vault monster count
 F = Vault count percentage of total count
                 A         B        C        D         E       F
            +---------+---------+-------+---------+---------+-------
      Total |   17606 |    7184 |  29.0 |     248 |      37 |  13.0
            +---------+---------+-------+---------+---------+-------
        D:1 |      51 |       0 |   0.0 |      29 |       0 |   0.0
        D:2 |      59 |       0 |   0.0 |      17 |       0 |   0.0
        D:3 |      68 |      14 |  17.1 |      28 |       7 |  20.0
        D:4 |     766 |       0 |   0.0 |      29 |       0 |   0.0
        D:5 |     665 |     205 |  23.6 |      13 |       2 |  13.3
        D:6 |     701 |     767 |  52.2 |      20 |       2 |   9.1
        D:7 |    1332 |     866 |  39.4 |      17 |       2 |  10.5
        D:8 |    1718 |     252 |  12.8 |       8 |       2 |  20.0
        D:9 |    2713 |       0 |   0.0 |      34 |       0 |   0.0
       D:10 |    2674 |       0 |   0.0 |      25 |       0 |   0.0
     Lair:1 |    6426 |    1319 |  17.0 |      25 |       5 |  16.7
     Lair:2 |     433 |     692 |  61.5 |       3 |       2 |  40.0
      IceCv |       0 |    3069 | 100.0 |       0 |      15 | 100.0
            +---------+---------+-------+---------+---------+-------
